 Dungeon Crawl Stone Soup version 0.27.1-1-g398f81649c (webtiles) character file.

Game seed: 2837374237409327928

15 MajorAdolf the Skirmisher (level 2, -3/30 HPs)
             Began as a Naga Wanderer on Sept 11, 2021.
             Slain by a worm (10 damage)
             ... on level 2 of the Dungeon.
             The game lasted 00:02:45 (509 turns).

MajorAdolf the Skirmisher (Naga Wanderer)            Turns: 509, Time: 00:02:46

Health: -3/30      AC:  1    Str: 12    XL:     2   Next: 50%
Magic:  4/4        EV:  9    Int: 17    God:
Gold:   29         SH:  0    Dex:  7    Spells: 3/3 levels left

rFire    . . .     SeeInvis +   a - +0 hand axe
rCold    . . .     Faith    .   (no shield)
rNeg     . . .     Spirit   .   b - +0 robe
rPois    +         Reflect  .   (no helmet)
rElec    .         Harm     .   (no cloak)
rCorr    .         Rampage  .   (no gloves)
Will     .....                  (no barding)
Stlth    +.........             (no amulet)
HPRegen  0.10/turn              (no ring)
MPRegen  0.09/turn              (no ring)

@: very slow
A: AC +0, large, see invisible, deformed body, poison resistance, slowness 2,
spit poison 1, naga tail 1
a: Spit Poison


You were on level 2 of the Dungeon.
You visited 1 branch of the dungeon, and saw 2 of its levels.

You collected 29 gold pieces.

Inventory:

Hand Weapons
 a - a +0 hand axe (weapon)
Missiles
 e - 6 curare-tipped darts
Armour
 b - a +0 robe (worn)
Scrolls
 d - a scroll of enchant weapon {unknown}
Potions
 c - 2 potions of magic {unknown}


   Skills:
 - Level 4.0 Fighting
 - Level 1.0 Axes
 - Level 1.5 Stealth
 - Level 1.0 Shields
 + Level 1.4 Spellcasting
 + Level 1.0 Conjurations
 - Level 1.0 Translocations
 + Level 1.5 Air Magic


You had 3 spell levels left.
You didn't know any spells.
Your spell library contained the following spells:

 Spells                   Type           Power      Damage    Failure   Level
 Shock                    Conj/Air       20%        1d4       12%         1
 Apportation              Tloc           8%         N/A       14%         1
 Static Discharge         Conj/Air       5%         N/A       19%         2
 Swiftness                Air            6%         N/A       32%         3
 Gell's Gravitas          Tloc           2%         N/A       38%         3
 Airstrike                Air            3%         N/A       71%         4


Dungeon Overview and Level Annotations

Branches:
Dungeon (1/15)

Altars:


Innate Abilities, Weirdness & Mutations

Your serpentine skin is tough. (AC +0)
You have supernaturally acute eyesight. (SInv)
Armour fits poorly on your strangely shaped body.
Your system is resistant to poisons. (rPois)
You cover ground very slowly.
You can spit poison.
You have a snake-like lower body.


Message History

The jackal is almost dead.
Unknown command.
The jackal completely misses you.
You closely miss the jackal.
The jackal is almost dead.
The jackal bites you. x2
You hit the jackal.
You kill the jackal!
You have got your breath back.
You see here a jackal corpse.
You start resting.
HP restored.
Unknown command.
You stumble into a teleport trap!
You are suddenly yanked towards some nearby monsters!
Your surroundings suddenly seem different. 2 adders and a worm come into view.
Found 2 scrolls labelled HERUAJ WITIPP.
Found a stone staircase leading up.
The adder hisses angrily.
Press: ? - help, Shift-Dir - straight line, f - worm
Aim: a worm The splash of poison hits the worm but does no damage.
The worm is poisoned.
The worm bites you.
Unknown command.
You hit the worm but do no damage. The worm bites you.
You hit the worm.
The worm is moderately wounded.
You hit the worm.
The worm is severely wounded.
The worm looks more healthy.
The worm bites you!
You hit the worm.
The worm is severely wounded.
The worm bites you!
* * * LOW HITPOINT WARNING * * *
Unknown command.
You completely miss the worm.
The worm is severely wounded.
You have got your breath back.
The worm bites you!
You die...

...........#
#..........#
#......?...#
#..........#
#.......<..#
#..........#
#.##S#.#####
#. #w# # #
#@# #.# ...
####. .# #


You could see a worm and an adder.

Vanquished Creatures
  2 endoplasms (D:1)
  4 hobgoblins (D:1)
  A jackal (D:2)
  2 ball pythons (D:1)
  2 bats (D:1)
  2 rats (D:1)
13 creatures vanquished.

Notes
Turn   | Place    | Note
-------+----------+-------------------------------------------
     0 | D:1      | MajorAdolf the Naga Wanderer began the quest for the Orb.
     0 | D:1      | MajorAdolf set off with the following items: a +0 hand axe,
                  | a +0 robe; and the following spells available to memorise:
                  | Apportation, Shock, Static Discharge, Gell's Gravitas,
                  | Swiftness, Airstrike
     0 | D:1      | Reached XP level 1. HP: 22/22 MP: 2/2
   160 | D:1      | Reached XP level 2. HP: 25/30 MP: 3/3
   280 | D:1      | Reached skill level 1 in Conjurations
   449 | D:1      | You fall into a shaft and drop 1 floor!
   509 | D:2      | Slain by a worm

Illustrated notes

Levels and vault maps discovered:
D:1:      minmay_arrival_stone_box, layout_basic, minmay_pentomino_w2
D:2:      layout_loops_ring, dreamdust_ecumenical_altar_statues,
          minmay_misc_feat_iff, uniq_sigmund

Skill      XL: |  1  2 |
---------------+-------+-----
Conjurations   | 1 |  1.0
Fighting       | |  4.0
Axes           | |  1.0
Stealth        | |  1.5
Shields        | |  1.0
Spellcasting   | |  1.4
Translocations | |  1.0
Air Magic      | |  1.5

Action                   || total
-------------------------++-------
Melee: Hand axe          ||    24
 Abil: Spit Poison       ||    14
 Stab: Distracted        ||     1
Armor: Robe              ||     9
Dodge: Dodged            ||    12
